Map: Romanticide LE

Players

MaxPax - Winner!

  • Race: Protoss Protoss
  • League: Grandmaster

GOStephano (Stephano)

  • Race: Zerg Zerg
  • League: Master

Event: DreamHack SC2 Masters 2021 Summer

VOD

Have the link to the VOD?

Description

Time

  • Played on: May 30, 2021, 12:13 p.m.
  • Length: 9:57

All games in this series

Show
View Real Time Build Order
Export as new Build Order

MaxPax Protoss - Winner!

Build Orders: 1 Gate Expand, Oracle Opening 

Get SALT Encoding   

  12  0:00  Probe  
  13  0:12  Probe  
  14  0:19  Pylon  
  14  0:24  Probe  
  15  0:37  Probe (Chrono Boost)  
  15  0:40  Gateway  
  16  0:49  Probe (Chrono Boost)  
  17  0:50  Assimilator  
  17  0:54  Probe (Chrono Boost)  
  19  1:04  Probe  
  19  1:16  Probe  
  20  1:27  Cybernetics Core  
  20  1:38  Nexus  
  20  1:45  Pylon  
  20  1:48  Probe  
  20  1:53  Assimilator  
  21  2:00  Probe, Adept (Chrono Boost)  
  24  2:12  Probe  
  25  2:20  Adept (Chrono Boost)  
  25  2:24  Probe  
  25  2:29  Stargate  
  28  2:39  Probe  
  28  2:40  Warp Gate  
  29  2:45  Stalker  
  29  2:50  Probe  
  32  2:51  Probe  
  33  3:02  Probe  
  33  3:03  Probe  
  35  3:12  Gateway  
  35  3:14  Oracle (Chrono Boost)  
  35  3:16  Pylon  
  38  3:24  Probe  
  38  3:26  Probe  
  40  3:36  Probe  
  40  3:38  Probe  
  40  3:40  Adept  
  42  3:46  Oracle (Chrono Boost)  
  43  3:50  Probe (Chrono Boost)  
  43  3:52  Probe (Chrono Boost)  
  45  3:56  Pylon  
  45  4:01  Probe (Chrono Boost)  
  47  4:04  Probe (Chrono Boost)  
  47  4:06  Probe (Chrono Boost)  
  48  4:13  Probe  
  48  4:16  Probe  
  50  4:21  Nexus  
  50  4:23  Pylon  
  50  4:25  Twilight Council  
  50  4:30  Adept x2  
  55  4:37  Gateway  
  53  4:38  Gateway  
  53  4:40  Probe x2  
  55  4:51  Assimilator  
  55  4:52  Assimilator, Adept x2  
  59  4:54  Probe  
  59  4:55  Probe  
  59  4:56  Resonating Glaives (Chrono Boost)  
  61  5:01  Pylon  
  61  5:06  Probe  
  62  5:08  Probe  
  63  5:17  Adept x2  
  63  5:18  Probe  
  68  5:21  Pylon  
  68  5:23  Probe  
  69  5:30  Probe  
  69  5:32  Adept  
  72  5:36  Probe  
  73  5:43  Adept x3  
  73  5:44  Probe  
  73  5:46  Shield Battery  
  80  5:50  Adept  
  80  5:51  Probe  
  80  5:52  Probe, Forge  
  80  5:57  Probe  
  85  6:01  Pylon  
  85  6:02  Robotics Facility  
  86  6:07  Adept x2  
  86  6:08  Adept  
  91  6:20  Probe  
  92  6:26  Probe  
  92  6:28  Probe  
  86  6:32  Probe  
  86  6:38  Probe  
  83  6:40  Probe, Protoss Ground Weapons Level 1 (Chrono Boost)  
  83  6:42  Blink (Chrono Boost)  
  83  6:43  Assimilator  
  83  6:44  Probe  
  83  6:45  Assimilator  
  79  6:50  Probe  
  79  6:52  Probe  
  77  6:57  Probe  
  77  7:00  Gateway  
  77  7:01  Immortal (Chrono Boost)  
  82  7:02  Probe, Gateway  
  82  7:04  Gateway  
  82  7:05  Pylon, Sentry x4  
  82  7:07  Shield Battery  
  82  7:08  Gateway  
  87  7:13  Pylon  
  87  7:19  Robotics Facility  
  87  7:20  Robotics Bay  
  85  7:25  Immortal (Chrono Boost)  
  87  7:31  Stalker x3  
  87  7:36  Stalker  
  95  7:38  Probe x2  
  95  7:39  Pylon  
  97  7:46  Pylon  
  97  7:55  Stalker x4  
  107  8:02  Warp Prism (Chrono Boost)  
  107  8:04  Stalker x3  
  111  8:07  Observer (Chrono Boost)  
  112  8:13  Photon Cannon  
  112  8:20  Disruptor (Chrono Boost), Adept x2  
  112  8:25  Stalker x3  
  125  8:33  Disruptor  
  128  8:41  Pylon  
  128  8:44  Stalker x4  
  136  8:56  Stalker x2  
  136  8:58  Disruptor  
  137  9:11  Stalker x5  
  143  9:19  Stalker x2  
  140  9:29  Stalker  
  132  9:36  Stalker x5  
  128  9:47  Stalker x2  
Show
View Real Time Build Order
Export as new Build Order

GOStephano Zerg 

Build Orders: Hatch First 

Get SALT Encoding   

  12  0:00  Drone  
  13  0:12  Overlord  
  13  0:17  Drone  
  14  0:30  Drone x2  
  16  0:40  Drone  
  17  0:51  Hatchery  
  17  0:53  Drone  
  17  0:57  Drone  
  18  1:07  Extractor  
  17  1:13  Spawning Pool  
  17  1:15  Drone  
  17  1:18  Drone  
  18  1:27  Drone  
  19  1:38  Drone  
  20  1:49  Drone  
  21  1:58  Extractor  
  21  2:00  Queen  
  22  2:02  Queen, Zergling x2  
  22  2:03  Drone  
  27  2:10  Overlord  
  27  2:13  Drone  
  28  2:19  Metabolic Boost  
  28  2:28  Hatchery  
  28  2:29  Zergling x2  
  28  2:31  Drone  
  29  2:37  Queen  
  29  2:42  Drone  
  32  2:54  Drone x2, Overlord  
  32  2:58  Drone  
  35  3:01  Drone  
  36  3:14  Zergling x4  
  36  3:15  Drone x2  
  39  3:20  Drone x2  
  39  3:25  Drone  
  40  3:28  Drone  
  40  3:33  Spore Crawler  
  39  3:36  Drone  
  39  3:37  Spore Crawler  
  40  3:41  Drone  
  40  3:44  Drone  
  40  3:48  Drone x6, Spore Crawler  
  45  3:53  Drone x2  
  47  4:00  Overlord  
  47  4:04  Overlord  
  47  4:07  Drone, Spore Crawler  
  47  4:10  Drone  
  47  4:14  Drone x2  
  50  4:20  Queen  
  50  4:21  Overlord  
  52  4:27  Zergling x6  
  52  4:28  Drone  
  52  4:29  Drone  
  52  4:30  Drone x2, Lair  
  59  4:37  Drone x2  
  59  4:38  Extractor  
  60  4:40  Overlord  
  60  4:44  Extractor  
  59  4:46  Drone  
  59  4:48  Drone x3  
  59  4:51  Drone x2  
  65  4:58  Evolution Chamber  
  64  5:01  Roach Warren, Queen  
  64  5:03  Drone  
  64  5:04  Drone  
  64  5:06  Drone  
  68  5:08  Hatchery  
  68  5:09  Drone x2  
  68  5:11  Drone x2  
  71  5:14  Drone x2  
  71  5:21  Overlord  
  72  5:24  Drone x2, Zerg Missile Weapons Level 1  
  72  5:25  Extractor  
  73  5:32  Drone x6  
  73  5:34  Overlord  
  78  5:43  Glial Reconstitution  
  78  5:45  Overseer  
  78  5:49  Overlord, Roach  
  80  5:50  Overlord x2  
  80  5:54  Extractor x2  
  78  5:57  Overlord  
  78  6:01  Roach x3  
  78  6:02  Roach x3  
  90  6:06  Overlord  
  90  6:09  Roach x2  
  94  6:15  Roach x2  
  94  6:16  Roach x5  
  106  6:28  Roach x8  
  116  6:36  Roach  
  114  6:42  Drone x5  
  117  6:51  Drone x5  
  121  7:01  Drone x2  
  122  7:02  Drone  
  122  7:08  Drone  
  124  7:09  Drone x3  
  124  7:12  Evolution Chamber  
  123  7:30  Drone x2, Spore Crawler x2  
  123  7:31  Drone x7  
  123  7:34  Drone  
  131  7:37  Unknown  
  131  7:39  Hydralisk Den, Zerg Missile Weapons Level 2  
  131  7:40  Zerg Ground Armor Level 1  
  131  7:42  Drone x2  
  131  7:43  Drone x2  
  133  7:52  Overseer  
  133  7:54  Overlord x3  
  133  7:57  Infestation Pit  
  132  8:03  Drone x2  
  132  8:04  Drone x2, Overlord  
  135  8:14  Pneumatized Carapace  
  135  8:16  Drone x3, Hatchery, Muscular Augments  
  135  8:17  Drone  
  138  8:33  Ravager x5  
  138  8:34  Zergling x28, Ravager x2  
  145  8:40  Hive  
  147  8:55  Zergling x2  
  147  8:56  Zergling x14  
  147  9:00  Ravager x3  
  154  9:04  Lurker Den  
  143  9:11  Roach x12  
  160  9:17  Zergling x2  
  160  9:18  Zergling x10  
  159  9:27  Roach x4  
  145  9:37  Roach x7  
Tags
 
Add a new tag
Caveats
  • Supply blocks, unpowered buildings, or Contaminate may cause inaccurate times.
  • Supply counts are checked every 10 seconds.